 Dungeon Crawl Stone Soup version 0.32-a0-314-g526f7d4993 (webtiles) character file.

Game seed: 11847640235183259638

5374 blorb9000 the Slicer (level 10, -10/77 HPs)
             Began as a Human Fighter on Feb 15, 2024.
             Killed by divine providence
             ... invoked by an orc priest
              (14 damage)
             ... on level 9 of the Dungeon on Feb 16, 2024.
             The game lasted 00:44:49 (8277 turns).

blorb9000 the Slicer (Human Fighter)                Turns: 8277, Time: 00:44:52

Health: -10/77     AC: 19    Str: 21    XL:     10   Next: 66%
Magic:  0/10       EV: 13    Int:  8    God:
Gold:   391        SH:  6    Dex: 13    Spells: 9/9 levels left

rFire   + . .        x - +2 short sword (distort)
rCold   . . .        c - +1 buckler
rNeg    . . .        l - +2 ring mail
rPois   .            o - +2 helmet
rElec   .            z - +1 cloak
rCorr   .            A - +2 pair of gloves
SInv    .            D - +1 pair of boots
Will    .....        Q - amulet of guardian spirit
Stlth   +            e - ring of protection from fire
HPRegen 0.32/turn    (no ring)
MPRegen 0.12/turn

%: guardian spirit
@: mighty
A: explore regen
a: Convert to Beogh


You were on level 9 of the Dungeon.
You visited 1 branch of the dungeon, and saw 9 of its levels.

You collected 479 gold pieces.
You spent 88 gold pieces at shops.

Inventory:

Hand Weapons
 a - a +0 long sword
 t - a +2 short sword of electrocution
 x - a +2 short sword of distortion (weapon)
Missiles
 f - 54 stones
 k - 11 poisoned darts
 L - 6 boomerangs
 O - 2 throwing nets
Armour
 b - a +0 scale mail
 c - a +1 buckler (worn)
 l - a +2 ring mail (worn)
 o - a +2 helmet (worn)
 z - a +1 cloak (worn)
 A - a +2 pair of gloves (worn)
 D - a +1 pair of boots (worn)
Magical Staves
 B - a staff of fire
Jewellery
 e - a ring of protection from fire (left hand)
 K - a ring of poison resistance
 Q - an amulet of guardian spirit (around neck)
 S - an amulet of the acrobat
Talismans
 r - a talisman of death
 F - a flux talisman
Wands
 s - a wand of flame (13) (quivered)
 P - a wand of paralysis (9)
Scrolls
 j - a scroll of teleportation
 m - a scroll of amnesia
 n - 3 scrolls of immolation
 q - 2 scrolls of poison
 u - a scroll of noise
 y - a scroll of silence
 C - a scroll of revelation {unknown}
 G - a scroll of acquirement {unknown}
 I - a scroll of brand weapon {unknown}
 J - a scroll of fog {unknown}
 M - a scroll of blinking {unknown}
Potions
 d - a potion of might
 g - a potion of lignification
 h - a potion of curing {unknown}
 i - a potion of enlightenment {unknown}
 p - a potion of resistance {unknown}
 v - 2 potions of haste {unknown}
 E - a potion of degeneration {unknown}
 H - 2 potions of ambrosia {unknown}
 N - 2 potions of berserk rage {unknown}
 R - a potion of heal wounds {unknown}


   Skills:
 + Level 6.5 Fighting
 + Level 8.4(8.8) Short Blades
 + Level 4.0(6.7) Long Blades
 + Level 1.9 Throwing
 + Level 7.2 Armour
 + Level 5.7 Dodging
 + Level 2.1 Stealth
 + Level 6.4 Shields
 + Level 1.4 Evocations


You had 9 spell levels left.
You didn't know any spells.
Your spell library contained the following spells:

 Spells                   Type           Power      Damage    Failure   Level
 Freeze                   Ice            0%         1d3       63%         1
 Magic Dart               Conj           0%         1d3       63%         1
 Call Imp                 Summ           0%         N/A       77%         2
 Cigotuvi's Dreadful Rot  Necr/Alch/Air  0%         N/A       77%         2
 Ensorcelled Hibernation  Hex/Ice        0%         N/A       77%         2
 Mercury Vapours          Alch/Air       0%         N/A       77%         2
 Searing Ray              Conj           0%         2d4       77%         2
 Sublimation of Blood     Necr           0%         N/A       77%         2
 Frozen Ramparts          Ice            0%         1d1       94%         3
 Hailstorm                Conj/Ice       0%         3d5       94%         3
 Mephitic Cloud           Conj/Alch/Air  0%         N/A       94%         3
 Passwall                 Erth           0%         N/A       94%         3
 Swiftness                Air            0%         N/A       94%         3
 Fulminant Prism          Conj/Alch      0%         3d5       100%        4
 Ignite Poison            Fire/Alch      0%         N/A       100%        4
 Petrify                  Alch/Erth      0%         N/A       100%        4
 Freezing Cloud           Conj/Ice/Air   0%         6-21      100%        5
 Irradiate                Conj/Alch      0%         3d11      100%        5
 Summon Hydra             Summ           0%         N/A       100%        7


Dungeon Overview and Level Annotations

Branches:
Dungeon (9/15)             Temple (0/1) D:5
   Lair: D:8-11         Orc: D:9-12

Altars:
Cheibriados
Fedhas
Trog
Uskayaw
Wu Jian

Shops:
D:4 *   D:5 *   D:9 (

Portals:
Sewer: D:5

Annotations:
Abyss:1 Joseph


Innate Abilities, Weirdness & Mutations

You regain HP and MP as you explore.


Message History

You easily resist.
Aiming: Throw Flame
Press: ? - help, Q - select action, (/) - cycle Shift-Dir - straight line, f - orc priest, p - orc wizard
Aim: an orc priest, wielding a +0 short sword (moderately wounded, 68% to hit)
The puff of flame hits the orc wizard.
You kill the orc wizard!
The orc priest invokes the aid of Beogh against you.
Beogh smites you!
* * * LOW HITPOINT WARNING * * *
Aiming: Throw Flame
Press: ? - help, Q - select action, (/) - cycle Shift-Dir - straight line, f/p - orc priest
Aim: an orc priest, wielding a +0 short sword (moderately wounded, 71% to hit)
The puff of flame hits the yak but does no damage.
You feel very mighty all of a sudden.
You hit the yak.
The yak is lightly wounded.
The yak blinks!
The orc wizard casts a spell.
The orc wizard flickers and vanishes!
Deactivating autopickup; reactivate with Ctrl-A.
You hit the yak.
The yak is lightly wounded.
The yak gores you but does no damage.
You puncture the yak!
The yak is moderately wounded.
The orc priest looks encouraged for a moment.
You block the yak's attack.
The orc priest shouts, "Surrender to Beogh and we'll let you live!"
You hit the yak.
The yak is heavily wounded.
The yak blinks!
The orc priest calls upon Beogh to heal the orc priest.
The orc priest's wounds heal themselves!
You barely miss the yak.
The yak is heavily wounded.
The yak gores you!
* * * LOW HITPOINT WARNING * * *
The orc priest mumbles some strange prayers to Beogh against you.
Beogh smites you!
You die...

# # ####### # #.....# #
#.....###########################
#...............@YY{o.o[.......o.
#.....##################.o.......
#.....# #.#....).# ####†##
...#......# #)# # #####......#
#.# #.. #......# #.#######...#
####......# #.........###
#.......... ##)..........
...##......#


You could see 2 yaks and 2 orc priests.

Vanquished Creatures
  Pikel (D:7)
  A hornet (D:8)
  Prince Ribbit (D:9)
  A wyvern (D:9)
  A yak (D:9)
  2 vampire mosquitoes (D:8)
  A steam dragon (D:6)
  An orc warrior (D:9)
  2 sky beasts (D:7)
  An ice beast (D:7)
  A black bear (D:4)
  An ogre (D:6)
  3 centaurs
  A phantom (D:4)
  3 bullfrogs
  A gnoll sergeant (D:7)
  3 scorpions
  11 wights
  A killer bee (D:8)
  A gnoll bouda (D:8)
  A jelly (D:5)
  Crazy Yiuf (D:7)
  3 bombardier beetles
  3 orc priests
  5 hounds
  Jessica (D:3)
  An iguana (D:5)
  4 orc wizards
  5 adders
  7 gnolls
  A shadow imp (D:7)
  A white imp (D:5)
  4 ufetubi
  3 ribbon worms
  2 dart slugs
  37 orcs
  4 endoplasms
  7 giant cockroaches
  7 goblins
  9 hobgoblins
  5 jackals (D:1)
  A quokka (D:2)
  3 training dummies (D:9)
  7 ball pythons
  4 bats
  2 frilled lizards
  5 kobolds
  5 rats
176 creatures vanquished.

Notes
Turn   | Place    | Note
-------+----------+-------------------------------------------
     0 | D:1      | blorb9000 the Human Fighter began the quest for the Orb.
     0 | D:1      | Reached XP level 1. HP: 18/18 MP: 1/1
    66 | D:1      | Reached XP level 2. HP: 18/24 MP: 2/2
   202 | D:1      | Reached XP level 3. HP: 26/29 MP: 3/3
  1221 | D:2      | Reached XP level 4. HP: 29/35 MP: 4/4
  1856 | D:3      | Noticed Jessica
  1869 | D:3      | Killed Jessica
  1870 | D:3      | Reached XP level 5. HP: 26/41 MP: 5/5
  1873 | D:3      | Found a snail-covered altar of Cheibriados.
  2030 | D:3      | Reached skill level 1 in Dodging
  2611 | D:4      | Reached skill level 1 in Throwing
  2681 | D:4      | Reached skill level 1 in Short Blades
  2681 | D:4      | Reached XP level 6. HP: 39/47 MP: 6/6
  2703 | D:4      | Reached skill level 2 in Short Blades
  2816 | D:4      | Noticed a black bear
  2852 | D:4      | Killed a black bear
  2901 | D:4      | Reached XP level 7. HP: 52/52 MP: 7/7
  2905 | D:4      | Found an ornate altar of the Wu Jian Council.
  2919 | D:4      | Reached skill level 3 in Short Blades
  3429 | D:4      | Identified the +9 trident of the Goat {heavy, rC++}
  3492 | D:4      | Found Waepsiv's Assorted Antiques.
  3503 | D:4      | Bought a scroll of identify for 44 gold pieces
  3503 | D:4      | Bought a scroll of identify for 44 gold pieces
  3650 | D:5      | Entered Level 5 of the Dungeon
  3713 | D:5      | Found Naecha's Assorted Antiques.
  3790 | D:5      | Reached skill level 5 in Armour
  3864 | D:5      | Reached skill level 4 in Short Blades
  3864 | D:5      | Reached skill level 1 in Evocations
  3869 | D:5      | Reached XP level 8. HP: 47/60 MP: 8/8
  3985 | D:5      | Found a staircase to the Ecumenical Temple.
  4322 | D:5      | Found a glowing drain.
  4370 | D:6      | Found a bloodstained altar of Trog.
  4534 | D:6      | Reached skill level 5 in Short Blades
  4706 | D:6      | Reached skill level 1 in Stealth
  5140 | D:7      | Reached skill level 6 in Short Blades
  5140 | D:7      | Reached XP level 9. HP: 54/66 MP: 9/9
  5276 | D:7      | Found a runed translucent door.
  5277 | D:7      | Noticed Crazy Yiuf
  5285 | D:7      | Killed Crazy Yiuf
  5598 | D:7      | Noticed Pikel
  5605 | D:7      | Killed Pikel
  5606 | D:7      | Reached skill level 5 in Fighting
  5629 | D:7      | Reached skill level 7 in Short Blades
  5629 | D:7      | Reached skill level 5 in Shields
  6555 | D:8      | Reached XP level 10. HP: 76/76 MP: 10/10
  6569 | D:8      | Noticed Joseph
  6592 | D:8      | Banished Joseph
  6785 | D:8      | Noticed a +0 falchion
  6785 | D:8      | Noticed a +0 short sword
  6785 | D:8      | Noticed a +0 dagger
  6785 | D:8      | Noticed a +0 falchion
  6785 | D:8      | Noticed a +0 dagger
  6785 | D:8      | Noticed a +0 spear
  6786 | D:8      | Noticed a +0 spear
  6788 | D:8      | Noticed a +0 short sword
  6790 | D:8      | Found a hide-covered altar of Uskayaw.
  6846 | D:8      | Reached skill level 8 in Short Blades
  6889 | D:8      | Reached skill level 5 in Dodging
  7499 | D:9      | Found a blossoming altar of Fedhas.
  7539 | D:9      | Noticed Prince Ribbit
  7564 | D:9      | Killed Prince Ribbit
  7809 | D:9      | Found Gaerap's Firing Range.
  7854 | D:9      | Noticed a kobold demonologist
  7862 | D:9      | Noticed a sixfirhy
  7887 | D:9      | Noticed a rust devil
  7927 | D:9      | Noticed a sixfirhy
  8277 | D:9      | Killed from afar by an orc priest

Illustrated notes

Levels and vault maps discovered:
D:1:      roderic_chinese_lattice_arrival, layout_basic
D:2:      layout_loops_cross, minivault_14
D:3:      layout_basic, mainiacjoe_overflow_alcove_2, uniq_jessica
D:4:      wander_river, layout_loops_cross, mainiacjoe_overflow_24_doors,
          serial_shops, shop, hex_large
D:5:      layout_basic, minmay_temple_entry_arrows,
          mainiacjoe_sewer_entry_somewhere_in_here_2, serial_shops, shop
D:6:      layout_basic, mainiacjoe_overflow_cross_hatched
D:7:      layout_loops_corners, uniq_crazy_yiuf_cottage, uniq_pikel
D:8:      layout_basic, nicolae_uskayaw_en_pointe, uniq_joseph
D:9:      layout_rooms, fedhas_altar_1, vehumet_altar_wand_db,
          nicolae_shop_firing_range, uniq_prince_ribbit1

Skill      XL: |  1  2  3  4  5  6  7  8  9 10 |
---------------+-------------------------------+-----
Long Blades    | 3 4 |  4.0
Dodging        | 1 3 4 5 |  5.7
Armour         | 4 5 6 7 |  7.2
Throwing       | 1 |  1.9
Short Blades   | 1 2 4 6 7 8 |  8.4
Evocations     | 1 |  1.4
Fighting       | 4 5 6 |  6.5
Shields        | 4 5 6 |  6.4
Stealth        | 1 2 |  2.1

Action                     |  1- 3 |  4- 6 |  7- 9 | 10-12 || total
---------------------------+-------+-------+-------+-------++-------
  Melee: Long sword        |    97 |    48 |       |       ||   145
         Short sword       |       |    79 |   315 |   211 ||   605
  Throw: Dart              |       |    10 |       |       ||    10
  Evoke: Wand              |       |     5 |       |    12 ||    17
    Use: Potion            |     1 |       |       |     1 ||     2
         Scroll            |       |     2 |    11 |     5 ||    18
 Armour: Scale mail        |    40 |       |       |       ||    40
         Ring mail         |    30 |    67 |   161 |   177 ||   435
  Dodge: Dodged            |    59 |    49 |   123 |   139 ||   370
  Block: Buckler           |    26 |    17 |    66 |    67 ||   176

Table legend: (Time is in decaauts)
 A = Elapsed time spent in this place.
 B = Non-inter-level travel time spent in this place.
 C = Inter-level travel time spent in this place.
 D = Time resting spent in this place.
 E = Time spent auto-exploring this place.
 F = Levels seen in this place.
 G = Mean time per level.
                   A        B        C        D        E       F      G
               +--------+--------+--------+--------+--------+-----+--------+
         Total |   8188 |   8188 |      0 |    846 |   1088 |   9 |  909.8 |
       Dungeon |   8188 |   8188 |      0 |    846 |   1088 |   9 |  909.8 |
               +--------+--------+--------+--------+--------+-----+--------+

Top non-repeatable levels by time:
     D:7: 1310 daAuts
     D:8: 1225 daAuts
     D:4: 1124 daAuts
     D:1: 1063 daAuts
     D:2: 805 daAuts
     D:6: 742 daAuts
     D:5: 719 daAuts
     D:3: 713 daAuts
     D:9: 483 daAuts
